Kings vs Maple Leafs (R1)

Created - January 23, 2024 at 18:57

Goals
1 2 3 T
Kings 1 0 3 4
Maple Leafs 1 1 0 2
Shots
1 2 3 T
Kings 7 13 13 33
Maple Leafs 4 6 5 15

1st period

1. Kings , Mikko Rantanen 8 (Jake Guentzel 19) at 0:42
2. Maple Leafs , Bo Horvat 23 (Brenden Dillon 11, Andre Burakovsky 32) at 6:19 (PP)

Penalties :
Mitch Marner (L.A) for Holding (Minor) at 0:29, Zach Werenski (TOR) for Hooking (Minor) at 0:34, Quinn Hughes (L.A) for Interference (Minor) at 6:05, Luke Schenn (TOR) for Holding (Minor) at 7:03, Kevin Shattenkirk (L.A) for Slashing (Minor) at 10:40, Bo Horvat (TOR) for Roughing (Minor) at 14:08

2nd period

3. Maple Leafs , Aleksander Barkov 10 (John Klingberg 19) at 15:52 (SH)

Penalties :
Andre Burakovsky (TOR) for Delaying the game (Minor) at 0:56, Bo Horvat (TOR) for Hooking (Minor) at 9:33, Evander Kane (TOR) for Interference (Minor) at 15:38

3rd period

4. Kings , Quinn Hughes 7 (Mikko Rantanen 21, Mitch Marner 19) at 11:49 (PP)
5. Kings , Chris Tierney 9 (Auston Matthews 13, Aaron Ekblad 15) at 11:59
6. Kings , Matthew Tkachuk 6 (Chris Tierney 15, Jared Cowen 10) at 19:42 (Empty Net)

Penalties :
Evander Kane (TOR) for Hooking (Minor) at 0:55, Brenden Dillon (TOR) for Hooking (Minor) at 3:15, Mikko Rantanen (L.A) for Hooking (Minor) at 9:37, Ben Smith (TOR) for Holding (Minor) at 11:38, Luke Schenn (TOR) for Close Hand On Puck (Minor) at 12:35

Goalie Stats

Cam Ward (L.A), 13 saves from 15 shots - (0.867), W, 13-11-0, 60:00 minutes
Kristers Gudlevskis (TOR), 29 saves from 32 shots - (0.906), L, 19-9-3, 59:44 minutes

Players Stats for Kings

Player Name              G  A  P  +/- PIM S  H  SB GA TA FO     MP     PP MP  PK MP  
------------------------------------------------------------------------------------
Aaron Ekblad             0  1  1   2  0   0  2  1  0  1  0/0    21:08   6:02   1:42 
Adam Fox                 0  0  0   0  0   2  0  2  0  1  0/0    20:33   5:58   0:29 
Auston Matthews          0  1  1   0  0   4  2  0  1  0  15/28  20:48   8:58   0:00 
Chris Tierney            1  1  2   2  0   3  2  0  0  0  0/0    14:49   0:04   1:32 
Jake Guentzel            0  1  1   1  0   2  2  0  0  0  0/2    20:22   7:06   0:04 
Jamie Arniel             0  0  0   0  0   2  2  1  0  0  5/9     9:48   0:00   2:38 
Jared Cowen              0  1  1   1  0   0  2  5  1  0  0/0    16:40   0:05   2:36 
Kevin Shattenkirk        0  0  0   2  2   0  2  1  0  0  0/0    12:50   0:00   0:48 
Marc Staal               0  0  0   1  0   0  1  1  0  0  0/0    15:03   0:00   2:36 
Matt Martin              0  0  0   0  0   2  0  0  1  0  1/2    10:00   0:00   2:39 
Matthew Tkachuk          1  0  1   1  0   3  0  0  0  0  1/2    14:17   7:06   0:00 
Mikko Rantanen           1  1  2   1  2   6  2  0  0  1  0/0    21:13   9:02   0:00 
Mitch Marner             0  1  1  -1  2   2  1  0  0  0  2/3    20:21   9:02   0:00 
Quinn Hughes             1  0  1  -1  2   3  1  0  0  0  0/0    22:36  10:01   0:25 
Sam Bennett              0  0  0   1  0   0  1  0  0  1  4/8    15:43   7:06   0:33 
Sam Gagner               0  0  0   0  0   2  0  0  0  0  1/2     7:57   0:00   0:00 
Sidney Crosby            0  0  0  -1  0   2  3  1  1  1  9/14   22:42  10:10   0:00 
Zac Rinaldo              0  0  0   0  0   0  1  0  0  0  0/0     6:53   0:00   1:10 

Players Stats for Maple Leafs

Player Name              G  A  P  +/- PIM S  H  SB GA TA FO     MP     PP MP  PK MP  
------------------------------------------------------------------------------------
Aleksander Barkov        1  0  1   0  0   2  0  1  1  0  13/20  18:42   1:48   9:15 
Andre Burakovsky         0  1  1  -2  2   2  4  0  1  0  0/0    17:46   2:30   0:00 
Ben Smith                0  0  0   0  2   0  2  0  1  0  0/1    22:17   1:48   9:24 
Bo Horvat                1  0  1  -2  4   2  3  1  0  0  12/27  22:04   2:30   3:44 
Brandon Saad             0  0  0   0  0   1  1  1  0  0  2/2     9:46   0:00   3:15 
Brenden Dillon           0  1  1   0  2   0  0  0  0  0  0/0    16:31   0:14   5:13 
Elias Pettersson         0  0  0   0  0   2  1  0  0  0  3/14   10:46   0:00   0:21 
Evander Kane             0  0  0   0  4   1  3  0  0  0  0/0    12:28   1:48   0:31 
Haydn Fleury             0  0  0   0  0   0  0  1  0  0  0/0    10:54   0:00   0:30 
Jason Zucker             0  0  0  -2  0   2  0  1  1  2  1/3    17:37   2:30   0:21 
John Klingberg           0  1  1  -1  0   0  0  3  1  0  0/0    25:53   2:27   9:38 
Jon Merrill              0  0  0  -1  0   0  1  4  0  1  0/0    28:00   1:51   9:38 
Luke Schenn              0  0  0   0  4   0  1  1  0  0  0/0    18:50   1:51   5:03 
Nicholas Baptiste        0  0  0   0  0   0  0  0  0  0  0/0     6:40   0:00   0:00 
Patrice Cormier          0  0  0   0  0   0  1  0  0  0  1/3     5:41   0:00   0:00 
Pontus Aberg             0  0  0   0  0   0  0  0  0  0  0/0     5:32   0:00   0:00 
Tye McGinn               0  0  0   0  0   1  0  0  0  0  0/0    12:09   0:00   5:25 
Zach Werenski            0  0  0  -2  2   2  0  2  0  1  0/0    20:12   2:12   2:14 

3 Stars

1 - Chris Tierney (L.A)
2 - Mikko Rantanen (L.A)
3 - Aaron Ekblad (L.A)

Power Play

Kings - 1 on 10 Attempt(s) - 10.00%
Maple Leafs - 1 on 4 Attempt(s) - 25.00%

Penalty Kill

Kings - 3 on 4 Attempt(s) - 75.00% - Score 0 goal in Penalty Kill
Maple Leafs - 9 on 10 Attempt(s) - 90.00% - Score 1 goal in Penalty Kill

Team Stat

Kings - Hits : 24 - Faceoff Wins : 38 - Blocked Shots : 12 - Penalty Minutes : 8
Maple Leafs - Hits : 17 - Faceoff Wins : 32 - Blocked Shots : 15 - Penalty Minutes : 20

Official

Referees : TJ Luxmore and Jon McIsaac
Linesman : Jonny Murray and Andrew Smith

Game Notes

Matthew Tkachuk has scored in a empty net!

Finance

Level 1 -- Attendance: 6000 (100.00%) -- Ticket Income $600,000
Level 2 -- Attendance: 5000 (100.00%) -- Ticket Income $300,000
Level 3 -- Attendance: 1780 (89.00%) -- Ticket Income $62,300
Level 4 -- Attendance: 3558 (88.95%) -- Ticket Income $88,950
Luxury Box -- Attendance: 888 (88.80%) -- Ticket Income $177,600
Game was played at the Scotiabank Arena.
Total Attendance: 17226 (95.70%)
Total Ticket Income: $1,228,850
Other Income: $184,328
Total Income: $1,413,178

Kings

5 vs 5 Forward 
   Center                   Left Wing                Right Wing               Time % Phy DF OF 
 1 Sidney Crosby            Jake Guentzel            Mitch Marner             30     1   1  3  
 2 Auston Matthews          Chris Tierney            Mikko Rantanen           30     1   2  2  
 3 Sam Bennett              Matt Martin              Sam Gagner               20     1   2  2  
 4 Jamie Arniel             Zac Rinaldo              Matthew Tkachuk          20     2   2  1  

5 vs 5 Defense 
   Defense                  Defense                                           Time % Phy DF OF 
 1 Kevin Shattenkirk        Aaron Ekblad                                      35     1   2  2  
 2 Jared Cowen              Adam Fox                                          35     0   2  3  
 3 Marc Staal               Quinn Hughes                                      30     0   2  3  
 4 Quinn Hughes             Jared Cowen                                       0      1   2  2  

PowerPlay Forward 
   Center                   Left Wing                Right Wing               Time % Phy DF OF 
 1 Auston Matthews          Mikko Rantanen           Mitch Marner             60     0   0  5  
 2 Sam Bennett              Jake Guentzel            Matthew Tkachuk          40     0   0  5  

PowerPlay Defense
   Defense                  Defense                                           Time % Phy DF OF 
 1 Quinn Hughes             Sidney Crosby                                     70     0   1  4  
 2 Aaron Ekblad             Adam Fox                                          30     0   1  4  

Penalty Kill 4 Players Forward 
   Center                   Wing                     Time % Phy DF OF 
 1 Jamie Arniel             Matt Martin              60     1   2  2  
 2 Chris Tierney            Zac Rinaldo              40     1   2  2  

Penalty Kill 4 Players Defense
   Defense                  Defense                  Time % Phy DF OF 
 1 Marc Staal               Jared Cowen              60     1   2  2  
 2 Kevin Shattenkirk        Aaron Ekblad             40     1   2  2  

Penalty Kill - 3 Players Forward 
   Forward                                           Time % Phy DF OF 
 1 Chris Tierney                                     60     1   2  2  
 2 Sidney Crosby                                     40     1   2  2  

Penalty Kill - 3 Players Defense
   Defense                  Defense                  Time % Phy DF OF 
 1 Marc Staal               Jared Cowen              60     1   2  2  
 2 Kevin Shattenkirk        Aaron Ekblad             40     1   2  2  

4 vs 4 Forward 
   Center                   Wing                     Time % Phy DF OF 
 1 Jake Guentzel            Mikko Rantanen           60     1   2  2  
 2 Sidney Crosby            Auston Matthews          40     1   2  2  

4 vs 4 Defense
   Defense                  Defense                  Time % Phy DF OF 
 1 Aaron Ekblad             Kevin Shattenkirk        60     1   2  2  
 2 Jared Cowen              Adam Fox                 40     1   2  2  

Last Minutes Offensive
   Center                   Left Wing                Right Wing               Defense                  Defense                  
   Sidney Crosby            Jake Guentzel            Mitch Marner             Aaron Ekblad             Adam Fox                 

Last Minutes Defensive
   Center                   Left Wing                Right Wing               Defense                  Defense                  
   Sam Bennett              Chris Tierney            Matthew Tkachuk          Marc Staal               Jared Cowen              

Goaltenders
Starting : Cam Ward                 
Backup : Igor Shesterkin          

Extra Forwards
Normal : Sam Bennett, Chris Tierney, Auston Matthews - PP : Chris Tierney, Sam Gagner - PK : Sam Bennett
Extra Defensemen
Normal : Aaron Ekblad, Jared Cowen, Marc Staal - PP : Aaron Ekblad - PK : Adam Fox, Quinn Hughes
Penalty Shots
Matt Martin, Auston Matthews, Mikko Rantanen, Jamie Arniel, Jake Guentzel
Custom OT Lines Forwards
Sidney Crosby, Mikko Rantanen, Jake Guentzel, Auston Matthews, Mitch Marner, Chris Tierney, Sam Bennett, Sam Gagner, Matt Martin, Matthew Tkachuk
Custom OT Lines Defensemen
Kevin Shattenkirk, Jared Cowen, Aaron Ekblad, Marc Staal, Adam Fox

Scratches
None

Maple Leafs

5 vs 5 Forward 
   Center                   Left Wing                Right Wing               Time % Phy DF OF 
 1 Bo Horvat                Jason Zucker             Andre Burakovsky         40     1   1  3  
 2 Elias Pettersson         Evander Kane             Ben Smith                30     1   2  2  
 3 Aleksander Barkov        Brandon Saad             Pontus Aberg             20     1   2  2  
 4 Patrice Cormier          Tye McGinn               Nicholas Baptiste        10     1   2  2  

5 vs 5 Defense 
   Defense                  Defense                                           Time % Phy DF OF 
 1 Jon Merrill              Zach Werenski                                     40     1   3  1  
 2 Luke Schenn              John Klingberg                                    30     1   3  1  
 3 Brenden Dillon           Haydn Fleury                                      20     1   3  1  
 4 Jon Merrill              John Klingberg                                    10     1   3  1  

PowerPlay Forward 
   Center                   Left Wing                Right Wing               Time % Phy DF OF 
 1 Bo Horvat                Jason Zucker             Andre Burakovsky         60     0   1  4  
 2 Aleksander Barkov        Evander Kane             Ben Smith                40     0   1  4  

PowerPlay Defense
   Defense                  Defense                                           Time % Phy DF OF 
 1 John Klingberg           Zach Werenski                                     60     0   2  3  
 2 Jon Merrill              Luke Schenn                                       40     0   2  3  

Penalty Kill 4 Players Forward 
   Center                   Wing                     Time % Phy DF OF 
 1 Aleksander Barkov        Ben Smith                60     1   3  1  
 2 Bo Horvat                Tye McGinn               40     1   3  1  

Penalty Kill 4 Players Defense
   Defense                  Defense                  Time % Phy DF OF 
 1 Jon Merrill              John Klingberg           60     1   4  0  
 2 Luke Schenn              Brenden Dillon           40     1   4  0  

Penalty Kill - 3 Players Forward 
   Forward                                           Time % Phy DF OF 
 1 Aleksander Barkov                                 60     1   3  1  
 2 Bo Horvat                                         40     1   3  1  

Penalty Kill - 3 Players Defense
   Defense                  Defense                  Time % Phy DF OF 
 1 Jon Merrill              John Klingberg           60     1   4  0  
 2 Luke Schenn              Brenden Dillon           40     1   4  0  

4 vs 4 Forward 
   Center                   Wing                     Time % Phy DF OF 
 1 Aleksander Barkov        Ben Smith                60     1   2  2  
 2 Bo Horvat                Tye McGinn               40     1   2  2  

4 vs 4 Defense
   Defense                  Defense                  Time % Phy DF OF 
 1 Jon Merrill              John Klingberg           60     1   3  1  
 2 Luke Schenn              Brenden Dillon           40     1   3  1  

Last Minutes Offensive
   Center                   Left Wing                Right Wing               Defense                  Defense                  
   Bo Horvat                Jason Zucker             Andre Burakovsky         John Klingberg           Zach Werenski            

Last Minutes Defensive
   Center                   Left Wing                Right Wing               Defense                  Defense                  
   Aleksander Barkov        Evander Kane             Ben Smith                Jon Merrill              Haydn Fleury             

Goaltenders
Starting : Kristers Gudlevskis      
Backup : Pavel Francouz           

Extra Forwards
Normal : Elias Pettersson, Ben Smith, Andre Burakovsky - PP : Elias Pettersson, Jason Zucker - PK : Brandon Saad
Extra Defensemen
Normal : Zach Werenski, Brenden Dillon, Luke Schenn - PP : Brenden Dillon - PK : Zach Werenski, Haydn Fleury
Penalty Shots
Andre Burakovsky, Elias Pettersson, Evander Kane, John Klingberg, Aleksander Barkov
Custom OT Lines Forwards
Aleksander Barkov, Bo Horvat, Evander Kane, Andre Burakovsky, Elias Pettersson, Jason Zucker, Ben Smith, Nicholas Baptiste, Tye McGinn, Brandon Saad
Custom OT Lines Defensemen
Jon Merrill, John Klingberg, Zach Werenski, Luke Schenn, Brenden Dillon

Scratches
Brett Pesce (Healthy), Valentin Zykov (Healthy)

% Time on Ice - Kings

Lines # - Real PCT - Wanted PCT - Time Play
Normal Forward
1 - 30% - 30% - 11:05
2 - 37% - 30% - 13:30
3 - 18% - 20% - 6:33
4 - 15% - 20% - 5:42
Normal Defense
1 - 35% - 35% - 12:57
2 - 36% - 35% - 13:07
3 - 29% - 30% - 10:46
4 - 0% - 0% - 0:00
PP Forward
1 - 56% - 60% - 9:02
2 - 44% - 40% - 7:06
PP Defense
1 - 63% - 70% - 10:10
2 - 37% - 30% - 5:58
PK Forward
1 - 73% - 60% - 3:08
2 - 27% - 40% - 1:10
PK Defense
1 - 60% - 60% - 2:36
2 - 40% - 40% - 1:42
PK3 Forward
1 - 0% - 60%
2 - 0% - 40%
PK3 Defense
1 - 0% - 60%
2 - 0% - 40%
44 Forward
1 - 57% - 60% - 1:05
2 - 43% - 40% - 0:49
44 Defense
1 - 47% - 60% - 0:54
2 - 53% - 40% - 1:00
Last Minute Offensive  - 0:00
Last Minute Defensive  - 0:50
Total
Forward - 60:00
Defense - 60:00

% Time on Ice - Maple Leafs

Lines # - Real PCT - Wanted PCT - Time Play
Normal Forward
1 - 39% - 40% - 14:14
2 - 31% - 30% - 11:22
3 - 15% - 20% - 5:32
4 - 15% - 10% - 5:41
Normal Defense
1 - 42% - 40% - 15:20
2 - 31% - 30% - 11:29
3 - 26% - 20% - 9:33
4 - 1% - 10% - 0:27
PP Forward
1 - 58% - 60% - 2:30
2 - 42% - 40% - 1:48
PP Defense
1 - 57% - 60% - 2:27
2 - 43% - 40% - 1:51
PK Forward
1 - 66% - 60% - 10:43
2 - 34% - 40% - 5:25
PK Defense
1 - 60% - 60% - 9:38
2 - 40% - 40% - 6:30
PK3 Forward
1 - 0% - 60%
2 - 0% - 40%
PK3 Defense
1 - 0% - 60%
2 - 0% - 40%
44 Forward
1 - 58% - 60% - 1:06
2 - 42% - 40% - 0:48
44 Defense
1 - 64% - 60% - 1:13
2 - 36% - 40% - 0:41
Last Minute Offensive  - 0:51
Last Minute Defensive  - 0:00
Total
Forward - 60:00
Defense - 60:00

Play-by-Play

1st period


0:01 of 1st period - Mitch Marner wins face-off versus Bo Horvat in neutral zone.
0:21 of 1st period - Jason Zucker is hit by Sidney Crosby and loses puck.
0:29 of 1st period - Minor Penalty to Mitch Marner for Holding.
0:30 of 1st period - Jamie Arniel wins face-off versus Bo Horvat in Kings zone.
0:34 of 1st period - Minor Penalty to Zach Werenski for Hooking.
0:35 of 1st period - Aleksander Barkov wins face-off versus Jake Guentzel in Maple Leafs zone.
0:42 of 1st period - Wrist shot by Mikko Rantanen.
0:42 of 1st period - Goal by Mikko Rantanen - Kings : 1 - Maple Leafs : 0.
0:43 of 1st period - Aleksander Barkov wins face-off versus Jake Guentzel in neutral zone.
1:24 of 1st period - Tye McGinn is hit by Kevin Shattenkirk and loses puck.
1:35 of 1st period - Wrist shot by Jake Guentzel.
1:35 of 1st period - Shot Blocked by John Klingberg.
1:44 of 1st period - Off-side.
1:45 of 1st period - Sidney Crosby wins face-off versus Aleksander Barkov in neutral zone.
1:50 of 1st period - Slapshot by Auston Matthews.
1:50 of 1st period - Shot Misses the Net.
2:29 of 1st period - Penalty to Mitch Marner is over, Mitch Marner is back on ice.
2:34 of 1st period - Penalty to Zach Werenski is over, Zach Werenski is back on ice.
3:07 of 1st period - Icing by Quinn Hughes.
3:08 of 1st period - Patrice Cormier wins face-off versus Jamie Arniel in Kings zone.
3:39 of 1st period - Evander Kane is hit by Aaron Ekblad.
3:47 of 1st period - Aaron Ekblad is hit by Evander Kane.
4:05 of 1st period - Snap shot by Sidney Crosby.
4:05 of 1st period - Stopped by Kristers Gudlevskis with a rebound.
5:33 of 1st period - Snap shot by Evander Kane.
5:33 of 1st period - Stopped by Cam Ward with a rebound.
6:05 of 1st period - Minor Penalty to Quinn Hughes for Interference.
6:06 of 1st period - Bo Horvat wins face-off versus Jamie Arniel in Kings zone.
6:15 of 1st period - Backhand shot by Andre Burakovsky.
6:15 of 1st period - Shot Blocked by Jared Cowen.
6:17 of 1st period - Snap shot by Bo Horvat.
6:17 of 1st period - Stopped by Cam Ward with a rebound.
6:19 of 1st period - Wrist shot by Brenden Dillon.
6:19 of 1st period - Deflect By Bo Horvat.
6:19 of 1st period - Goal by Bo Horvat - Kings : 1 - Maple Leafs : 1.
6:20 of 1st period - Auston Matthews wins face-off versus Aleksander Barkov in neutral zone.
6:23 of 1st period - John Klingberg is hit by Mikko Rantanen and loses puck.
6:39 of 1st period - Aleksander Barkov is hit by Jared Cowen and loses puck.
7:03 of 1st period - Minor Penalty to Luke Schenn for Holding.
7:04 of 1st period - Aleksander Barkov wins face-off versus Auston Matthews in Maple Leafs zone.
7:14 of 1st period - Aleksander Barkov is hit by Auston Matthews and loses puck.
8:05 of 1st period - Icing by Aaron Ekblad.
8:06 of 1st period - Brandon Saad wins face-off versus Sam Bennett in Kings zone.
9:03 of 1st period - Penalty to Luke Schenn is over, Luke Schenn is back on ice.
9:09 of 1st period - Adam Fox is hit by Andre Burakovsky and loses puck.
9:36 of 1st period - Wrist shot by Matthew Tkachuk.
9:36 of 1st period - Stopped by Kristers Gudlevskis with a rebound.
9:43 of 1st period - Off-side.
9:44 of 1st period - Bo Horvat wins face-off versus Auston Matthews in neutral zone.
9:49 of 1st period - Icing by Quinn Hughes.
9:50 of 1st period - Auston Matthews wins face-off versus Bo Horvat in Kings zone.
9:50 of 1st period - Auston Matthews is hit by Bo Horvat.
10:02 of 1st period - Wrist shot by Mikko Rantanen.
10:02 of 1st period - Stopped by Kristers Gudlevskis without a rebound.
10:03 of 1st period - Elias Pettersson wins face-off versus Sidney Crosby in Maple Leafs zone.
10:03 of 1st period - Elias Pettersson is hit by Sidney Crosby.
10:16 of 1st period - Snap shot by Evander Kane.
10:16 of 1st period - Deflect By Jake Guentzel.
10:16 of 1st period - Shot Misses the Net.
10:16 of 1st period - Puck is out of play.
10:17 of 1st period - Bo Horvat wins face-off versus Sidney Crosby in Kings zone.
10:40 of 1st period - Minor Penalty to Kevin Shattenkirk for Slashing.
10:41 of 1st period - Jamie Arniel wins face-off versus Bo Horvat in Kings zone.
11:06 of 1st period - Matt Martin is hit by Evander Kane.
11:34 of 1st period - Andre Burakovsky is hit by Jamie Arniel and loses puck.
11:47 of 1st period - Evander Kane is hit by Zac Rinaldo and loses puck.
12:04 of 1st period - John Klingberg is hit by Chris Tierney and loses puck.
12:40 of 1st period - Penalty to Kevin Shattenkirk is over, Kevin Shattenkirk is back on ice.
13:09 of 1st period - Slapshot by Marc Staal.
13:09 of 1st period - Shot Misses the Net.
13:27 of 1st period - Slapshot by Jamie Arniel.
13:27 of 1st period - Stopped by Kristers Gudlevskis with a rebound.
14:08 of 1st period - Minor Penalty to Bo Horvat for Roughing.
14:09 of 1st period - Aleksander Barkov wins face-off versus Auston Matthews in Maple Leafs zone.
14:38 of 1st period - Wrist shot by Aaron Ekblad.
14:38 of 1st period - Shot Blocked by Jon Merrill.
14:40 of 1st period - Slapshot by Aaron Ekblad.
14:40 of 1st period - Shot Misses the Net.
14:42 of 1st period - Slapshot by Jake Guentzel.
14:42 of 1st period - Shot Misses the Net.
14:44 of 1st period - Slapshot by Adam Fox.
14:44 of 1st period - Stopped by Kristers Gudlevskis without a rebound.
14:45 of 1st period - Brandon Saad wins face-off versus Auston Matthews in Maple Leafs zone.
14:50 of 1st period - Mitch Marner is hit by Luke Schenn and loses puck.
14:57 of 1st period - Wrist shot by Sidney Crosby.
14:57 of 1st period - Deflect By Auston Matthews.
14:57 of 1st period - Deflect By Luke Schenn.
14:57 of 1st period - Stopped by Kristers Gudlevskis with a rebound.
14:59 of 1st period - Snap shot by Mitch Marner.
14:59 of 1st period - Shot Misses the Net.
16:08 of 1st period - Penalty to Bo Horvat is over, Bo Horvat is back on ice.
16:16 of 1st period - Matt Martin is hit by Andre Burakovsky and loses puck.
17:18 of 1st period - Luke Schenn is hit by Kevin Shattenkirk.
18:07 of 1st period - Sam Gagner is hit by Andre Burakovsky and loses puck.
19:33 of 1st period - Slapshot by Zach Werenski.
19:33 of 1st period - Stopped by Cam Ward with a rebound.
19:41 of 1st period - Jon Merrill is hit by Jake Guentzel.
19:45 of 1st period - Marc Staal is hit by Andre Burakovsky and loses puck.
Goals for this period are 1 for Kings vs 1 for Maple Leafs.
Shots for this period are 7 for Kings vs 4 for Maple Leafs.

2nd period


0:01 of 2nd period - Bo Horvat wins face-off versus Auston Matthews in neutral zone.
0:30 of 2nd period - Snap shot by Elias Pettersson.
0:30 of 2nd period - Stopped by Cam Ward without a rebound.
0:31 of 2nd period - Sidney Crosby wins face-off versus Elias Pettersson in Kings zone.
0:33 of 2nd period - Icing by Quinn Hughes.
0:34 of 2nd period - Jason Zucker wins face-off versus Mitch Marner in Kings zone.
0:35 of 2nd period - Slapshot by Andre Burakovsky.
0:35 of 2nd period - Shot Blocked by Marc Staal.
0:56 of 2nd period - Minor Penalty to Andre Burakovsky for Delaying the game.
0:57 of 2nd period - Mitch Marner wins face-off versus Aleksander Barkov in Maple Leafs zone.
1:09 of 2nd period - Snap shot by Mitch Marner.
1:09 of 2nd period - Shot Blocked by Aleksander Barkov.
1:11 of 2nd period - Wrist shot by Mikko Rantanen.
1:11 of 2nd period - Shot Blocked by Jon Merrill.
1:13 of 2nd period - Slapshot by Quinn Hughes.
1:13 of 2nd period - Shot Blocked by Jon Merrill.
2:48 of 2nd period - Sam Bennett is hit by Ben Smith and loses puck.
2:56 of 2nd period - Penalty to Andre Burakovsky is over, Andre Burakovsky is back on ice.
3:05 of 2nd period - Snap shot by Andre Burakovsky.
3:05 of 2nd period - Shot Blocked by Jared Cowen.
3:07 of 2nd period - Wrist shot by Jason Zucker.
3:07 of 2nd period - Shot Misses the Net.
3:09 of 2nd period - Slapshot by Jason Zucker.
3:09 of 2nd period - Deflect By Jared Cowen.
3:09 of 2nd period - Shot Misses the Net.
3:09 of 2nd period - Puck is out of play.
3:10 of 2nd period - Sam Gagner wins face-off versus Bo Horvat in Kings zone.
3:10 of 2nd period - Sam Gagner is hit by Bo Horvat.
3:18 of 2nd period - Slapshot by Kevin Shattenkirk.
3:18 of 2nd period - Shot Blocked by Zach Werenski.
3:54 of 2nd period - Backhand shot by Zach Werenski.
3:54 of 2nd period - Shot Blocked by Adam Fox.
3:56 of 2nd period - Slapshot by Jon Merrill.
3:56 of 2nd period - Shot Blocked by Jared Cowen.
4:35 of 2nd period - Wrist shot by Andre Burakovsky.
4:35 of 2nd period - Stopped by Cam Ward without a rebound.
4:36 of 2nd period - Bo Horvat wins face-off versus Matthew Tkachuk in Kings zone.
4:37 of 2nd period - Wrist shot by Jason Zucker.
4:37 of 2nd period - Stopped by Cam Ward without a rebound.
4:38 of 2nd period - Bo Horvat wins face-off versus Jamie Arniel in Kings zone.
4:41 of 2nd period - Slapshot by Jason Zucker.
4:41 of 2nd period - Deflect By Andre Burakovsky.
4:41 of 2nd period - Shot Blocked by Jamie Arniel.
4:41 of 2nd period - Puck is out of play.
4:42 of 2nd period - Auston Matthews wins face-off versus Elias Pettersson in Kings zone.
4:47 of 2nd period - Snap shot by Mikko Rantanen.
4:47 of 2nd period - Deflect By Auston Matthews.
4:47 of 2nd period - Deflect By Evander Kane.
4:47 of 2nd period - Stopped by Kristers Gudlevskis without a rebound.
4:48 of 2nd period - Auston Matthews wins face-off versus Elias Pettersson in Maple Leafs zone.
4:49 of 2nd period - Snap shot by Chris Tierney.
4:49 of 2nd period - Stopped by Kristers Gudlevskis with a rebound.
5:15 of 2nd period - Snap shot by Jason Zucker.
5:15 of 2nd period - Stopped by Cam Ward without a rebound.
5:16 of 2nd period - Sidney Crosby wins face-off versus Bo Horvat in Kings zone.
5:33 of 2nd period - Snap shot by Jared Cowen.
5:33 of 2nd period - Shot Misses the Net.
5:35 of 2nd period - Wrist shot by Jared Cowen.
5:35 of 2nd period - Deflect By Mitch Marner.
5:35 of 2nd period - Stopped by Kristers Gudlevskis without a rebound.
5:36 of 2nd period - Auston Matthews wins face-off versus Elias Pettersson in Maple Leafs zone.
6:27 of 2nd period - Jon Merrill is hit by Jamie Arniel and loses puck.
6:50 of 2nd period - Jon Merrill is hit by Sam Bennett and loses puck.
7:18 of 2nd period - Icing by Bo Horvat.
7:19 of 2nd period - Bo Horvat wins face-off versus Sidney Crosby in Maple Leafs zone.
7:56 of 2nd period - Wrist shot by Pontus Aberg.
7:56 of 2nd period - Shot Blocked by Jared Cowen.
7:58 of 2nd period - Slapshot by John Klingberg.
7:58 of 2nd period - Shot Misses the Net.
8:00 of 2nd period - Snap shot by Pontus Aberg.
8:00 of 2nd period - Shot Blocked by Jared Cowen.
8:14 of 2nd period - Backhand shot by Tye McGinn.
8:14 of 2nd period - Deflect By Patrice Cormier.
8:14 of 2nd period - Shot Blocked by Adam Fox.
8:14 of 2nd period - Puck is out of play.
8:15 of 2nd period - Auston Matthews wins face-off versus Patrice Cormier in Kings zone.
8:24 of 2nd period - Wrist shot by Chris Tierney.
8:24 of 2nd period - Shot Misses the Net.
8:26 of 2nd period - Snap shot by Mikko Rantanen.
8:26 of 2nd period - Shot Misses the Net.
8:28 of 2nd period - Slapshot by Chris Tierney.
8:28 of 2nd period - Deflect By Mikko Rantanen.
8:28 of 2nd period - Shot Blocked by Haydn Fleury.
8:28 of 2nd period - Puck is out of play.
8:29 of 2nd period - Bo Horvat wins face-off versus Auston Matthews in Maple Leafs zone.
8:39 of 2nd period - Bo Horvat is hit by Aaron Ekblad and loses puck.
9:09 of 2nd period - Snap shot by Jamie Arniel.
9:09 of 2nd period - Stopped by Kristers Gudlevskis without a rebound.
9:10 of 2nd period - Sidney Crosby wins face-off versus Bo Horvat in Maple Leafs zone.
9:27 of 2nd period - Snap shot by Sidney Crosby.
9:27 of 2nd period - Shot Blocked by Jason Zucker.
9:33 of 2nd period - Minor Penalty to Bo Horvat for Hooking.
9:34 of 2nd period - Aleksander Barkov wins face-off versus Auston Matthews in Maple Leafs zone.
9:49 of 2nd period - Slapshot by Sidney Crosby.
9:49 of 2nd period - Shot Blocked by John Klingberg.
10:09 of 2nd period - Slapshot by Quinn Hughes.
10:09 of 2nd period - Stopped by Kristers Gudlevskis without a rebound.
10:10 of 2nd period - Aleksander Barkov wins face-off versus Auston Matthews in Maple Leafs zone.
10:25 of 2nd period - Wrist shot by Mitch Marner.
10:25 of 2nd period - Shot Misses the Net.
10:41 of 2nd period - Snap shot by Aaron Ekblad.
10:41 of 2nd period - Shot Blocked by Luke Schenn.
11:33 of 2nd period - Penalty to Bo Horvat is over, Bo Horvat is back on ice.
11:37 of 2nd period - Icing by Bo Horvat.
11:38 of 2nd period - Matthew Tkachuk wins face-off versus Bo Horvat in Maple Leafs zone.
11:49 of 2nd period - Wrist shot by Matt Martin.
11:49 of 2nd period - Stopped by Kristers Gudlevskis with a rebound.
11:51 of 2nd period - Snap shot by Adam Fox.
11:51 of 2nd period - Stopped by Kristers Gudlevskis without a rebound.
11:52 of 2nd period - Sam Bennett wins face-off versus Elias Pettersson in Maple Leafs zone.
11:59 of 2nd period - Snap shot by Sam Gagner.
11:59 of 2nd period - Stopped by Kristers Gudlevskis with a rebound.
12:01 of 2nd period - Snap shot by Matt Martin.
12:01 of 2nd period - Shot Misses the Net.
12:03 of 2nd period - Snap shot by Jared Cowen.
12:03 of 2nd period - Shot Hit the Post.
12:33 of 2nd period - Slapshot by Sidney Crosby.
12:33 of 2nd period - Stopped by Kristers Gudlevskis with a rebound.
12:58 of 2nd period - Off-side.
12:59 of 2nd period - Auston Matthews wins face-off versus Patrice Cormier in neutral zone.
13:30 of 2nd period - Patrice Cormier is hit by Auston Matthews and loses puck.
13:39 of 2nd period - Snap shot by Auston Matthews.
13:39 of 2nd period - Shot Misses the Net.
13:41 of 2nd period - Snap shot by Auston Matthews.
13:41 of 2nd period - Stopped by Kristers Gudlevskis with a rebound.
13:59 of 2nd period - Snap shot by Nicholas Baptiste.
13:59 of 2nd period - Shot Blocked by Aaron Ekblad.
14:07 of 2nd period - Wrist shot by Mikko Rantanen.
14:07 of 2nd period - Stopped by Kristers Gudlevskis without a rebound.
14:08 of 2nd period - Sidney Crosby wins face-off versus Bo Horvat in Maple Leafs zone.
14:11 of 2nd period - Snap shot by Jake Guentzel.
14:11 of 2nd period - Shot Blocked by Jon Merrill.
14:41 of 2nd period - Slapshot by Zach Werenski.
14:41 of 2nd period - Shot Misses the Net.
14:43 of 2nd period - Slapshot by Jon Merrill.
14:43 of 2nd period - Deflect By Ben Smith.
14:43 of 2nd period - Deflect By Jared Cowen.
14:43 of 2nd period - Shot Misses the Net.
14:43 of 2nd period - Puck is out of play.
14:44 of 2nd period - Sam Bennett wins face-off versus Elias Pettersson in Kings zone.
14:55 of 2nd period - Wrist shot by Sam Gagner.
14:55 of 2nd period - Stopped by Kristers Gudlevskis without a rebound.
14:56 of 2nd period - Sidney Crosby wins face-off versus Jason Zucker in Maple Leafs zone.
15:25 of 2nd period - Mikko Rantanen is hit by Ben Smith and loses puck.
15:36 of 2nd period - Snap shot by Mikko Rantanen.
15:36 of 2nd period - Stopped by Kristers Gudlevskis with a rebound.
15:38 of 2nd period - Minor Penalty to Evander Kane for Interference.
15:39 of 2nd period - Aleksander Barkov wins face-off versus Auston Matthews in Maple Leafs zone.
15:52 of 2nd period - Snap shot by Aleksander Barkov.
15:52 of 2nd period - Goal by Aleksander Barkov - Kings : 1 - Maple Leafs : 2.
15:53 of 2nd period - Aleksander Barkov wins face-off versus Auston Matthews in neutral zone.
15:55 of 2nd period - Off-side.
15:56 of 2nd period - Auston Matthews wins face-off versus Aleksander Barkov in neutral zone.
15:59 of 2nd period - Jon Merrill is hit by Quinn Hughes and loses puck.
17:02 of 2nd period - Snap shot by Tye McGinn.
17:02 of 2nd period - Stopped by Cam Ward without a rebound.
17:03 of 2nd period - Sam Bennett wins face-off versus Aleksander Barkov in Kings zone.
17:38 of 2nd period - Penalty to Evander Kane is over, Evander Kane is back on ice.
17:51 of 2nd period - Matt Martin is hit by Patrice Cormier.
18:05 of 2nd period - Wrist shot by Matthew Tkachuk.
18:05 of 2nd period - Shot Blocked by Bo Horvat.
18:07 of 2nd period - Snap shot by Zac Rinaldo.
18:07 of 2nd period - Shot Misses the Net.
18:17 of 2nd period - Chris Tierney is hit by Elias Pettersson and loses puck.
18:54 of 2nd period - Luke Schenn is hit by Jared Cowen and loses puck.
19:11 of 2nd period - Wrist shot by Patrice Cormier.
19:11 of 2nd period - Shot Blocked by Sidney Crosby.
19:23 of 2nd period - Chris Tierney is hit by Evander Kane and loses puck.
19:44 of 2nd period - Snap shot by Aleksander Barkov.
19:44 of 2nd period - Shot Misses the Net.
Goals for this period are 0 for Kings vs 1 for Maple Leafs.
Shots for this period are 13 for Kings vs 6 for Maple Leafs.

3rd period


0:01 of 3rd period - Auston Matthews wins face-off versus Bo Horvat in neutral zone.
0:12 of 3rd period - Wrist shot by Chris Tierney.
0:12 of 3rd period - Shot Blocked by Zach Werenski.
0:14 of 3rd period - Backhand shot by Mikko Rantanen.
0:14 of 3rd period - Stopped by Kristers Gudlevskis without a rebound.
0:15 of 3rd period - Sidney Crosby wins face-off versus Elias Pettersson in Maple Leafs zone.
0:32 of 3rd period - Snap shot by Sidney Crosby.
0:32 of 3rd period - Deflect By Jake Guentzel.
0:32 of 3rd period - Stopped by Kristers Gudlevskis without a rebound.
0:33 of 3rd period - Auston Matthews wins face-off versus Bo Horvat in Maple Leafs zone.
0:48 of 3rd period - Slapshot by Zach Werenski.
0:48 of 3rd period - Stopped by Cam Ward without a rebound.
0:49 of 3rd period - Sidney Crosby wins face-off versus Elias Pettersson in Kings zone.
0:55 of 3rd period - Minor Penalty to Evander Kane for Hooking.
0:56 of 3rd period - Auston Matthews wins face-off versus Ben Smith in Maple Leafs zone.
2:55 of 3rd period - Penalty to Evander Kane is over, Evander Kane is back on ice.
3:15 of 3rd period - Minor Penalty to Brenden Dillon for Hooking.
3:16 of 3rd period - Aleksander Barkov wins face-off versus Sam Bennett in Maple Leafs zone.
5:04 of 3rd period - Sam Bennett is hit by Brandon Saad and loses puck.
5:15 of 3rd period - Penalty to Brenden Dillon is over, Brenden Dillon is back on ice.
5:43 of 3rd period - Matt Martin is hit by Bo Horvat and loses puck.
5:53 of 3rd period - Snap shot by Chris Tierney.
5:53 of 3rd period - Deflect By Matt Martin.
5:53 of 3rd period - Stopped by Kristers Gudlevskis without a rebound.
5:54 of 3rd period - Jamie Arniel wins face-off versus Elias Pettersson in Maple Leafs zone.
6:13 of 3rd period - Pontus Aberg is hit by Mikko Rantanen and loses puck.
6:21 of 3rd period - Icing by Haydn Fleury.
6:22 of 3rd period - Aleksander Barkov wins face-off versus Matt Martin in Maple Leafs zone.
6:29 of 3rd period - Wrist shot by Andre Burakovsky.
6:29 of 3rd period - Shot Misses the Net.
6:31 of 3rd period - Snap shot by Bo Horvat.
6:31 of 3rd period - Shot Misses the Net.
6:51 of 3rd period - Backhand shot by Mikko Rantanen.
6:51 of 3rd period - Deflect By Chris Tierney.
6:51 of 3rd period - Stopped by Kristers Gudlevskis without a rebound.
6:52 of 3rd period - Auston Matthews wins face-off versus Elias Pettersson in Maple Leafs zone.
6:55 of 3rd period - Snap shot by Auston Matthews.
6:55 of 3rd period - Shot Misses the Net.
7:17 of 3rd period - Jason Zucker is hit by Jake Guentzel and loses puck.
8:10 of 3rd period - Off-side.
8:11 of 3rd period - Bo Horvat wins face-off versus Sidney Crosby in neutral zone.
8:14 of 3rd period - Wrist shot by Jason Zucker.
8:14 of 3rd period - Shot Misses the Net.
8:38 of 3rd period - Slapshot by Aleksander Barkov.
8:38 of 3rd period - Shot Blocked by Kevin Shattenkirk.
8:46 of 3rd period - Snap shot by Jake Guentzel.
8:46 of 3rd period - Stopped by Kristers Gudlevskis without a rebound.
8:47 of 3rd period - Elias Pettersson wins face-off versus Auston Matthews in Maple Leafs zone.
8:52 of 3rd period - Wrist shot by Elias Pettersson.
8:52 of 3rd period - Stopped by Cam Ward without a rebound.
8:53 of 3rd period - Auston Matthews wins face-off versus Elias Pettersson in Kings zone.
9:06 of 3rd period - Snap shot by Mikko Rantanen.
9:06 of 3rd period - Stopped by Kristers Gudlevskis without a rebound.
9:07 of 3rd period - Bo Horvat wins face-off versus Sidney Crosby in Maple Leafs zone.
9:37 of 3rd period - Minor Penalty to Mikko Rantanen for Hooking.
9:38 of 3rd period - Jamie Arniel wins face-off versus Jason Zucker in Kings zone.
10:28 of 3rd period - Icing by Luke Schenn.
10:29 of 3rd period - Matt Martin wins face-off versus Bo Horvat in Maple Leafs zone.
11:11 of 3rd period - Icing by John Klingberg.
11:12 of 3rd period - Bo Horvat wins face-off versus Jamie Arniel in Maple Leafs zone.
11:38 of 3rd period - Minor Penalty to Ben Smith for Holding.
11:39 of 3rd period - Auston Matthews wins face-off versus Aleksander Barkov in Maple Leafs zone.
11:45 of 3rd period - Slapshot by Quinn Hughes.
11:45 of 3rd period - Shot Misses the Net.
11:47 of 3rd period - Snap shot by Mikko Rantanen.
11:47 of 3rd period - Shot Blocked by Brandon Saad.
11:49 of 3rd period - Backhand shot by Quinn Hughes.
11:49 of 3rd period - Goal by Quinn Hughes - Kings : 2 - Maple Leafs : 2.
11:50 of 3rd period - Auston Matthews wins face-off versus Bo Horvat in neutral zone.
11:53 of 3rd period - Slapshot by Aaron Ekblad.
11:53 of 3rd period - Shot Misses the Net.
11:57 of 3rd period - Snap shot by Auston Matthews.
11:57 of 3rd period - Stopped by Kristers Gudlevskis with a rebound.
11:59 of 3rd period - Backhand shot by Chris Tierney.
11:59 of 3rd period - Goal by Chris Tierney - Kings : 3 - Maple Leafs : 2.
12:00 of 3rd period - Sidney Crosby wins face-off versus Bo Horvat in neutral zone.
12:35 of 3rd period - Minor Penalty to Luke Schenn for Close Hand On Puck.
12:36 of 3rd period - Aleksander Barkov wins face-off versus Auston Matthews in Maple Leafs zone.
12:36 of 3rd period - Aleksander Barkov is hit by Mitch Marner.
12:45 of 3rd period - Slapshot by Quinn Hughes.
12:45 of 3rd period - Stopped by Kristers Gudlevskis without a rebound.
12:46 of 3rd period - Aleksander Barkov wins face-off versus Auston Matthews in Maple Leafs zone.
13:19 of 3rd period - Snap shot by Mitch Marner.
13:19 of 3rd period - Stopped by Kristers Gudlevskis without a rebound.
13:20 of 3rd period - Aleksander Barkov wins face-off versus Sam Bennett in Maple Leafs zone.
14:17 of 3rd period - Jon Merrill is hit by Sidney Crosby and loses puck.
14:35 of 3rd period - Penalty to Luke Schenn is over, Luke Schenn is back on ice.
15:15 of 3rd period - John Klingberg is hit by Chris Tierney and loses puck.
16:04 of 3rd period - Jared Cowen is hit by Jon Merrill and loses puck.
16:09 of 3rd period - Snap shot by Aleksander Barkov.
16:09 of 3rd period - Stopped by Cam Ward with a rebound.
16:48 of 3rd period - Zach Werenski is hit by Marc Staal and loses puck.
18:11 of 3rd period - Icing by Elias Pettersson.
18:12 of 3rd period - Elias Pettersson wins face-off versus Sam Gagner in Maple Leafs zone.
18:17 of 3rd period - Snap shot by Brandon Saad.
18:17 of 3rd period - Deflect By Sam Gagner.
18:17 of 3rd period - Stopped by Cam Ward with a rebound.
19:10 of 3rd period - Snap shot by Matthew Tkachuk.
19:10 of 3rd period - Shot Misses the Net.
19:20 of 3rd period - Slapshot by Matthew Tkachuk.
19:20 of 3rd period - Stopped by Kristers Gudlevskis without a rebound.
19:21 of 3rd period - Marc Crawford call a timeout for Maple Leafs.
19:21 of 3rd period - Bo Horvat wins face-off versus Sam Bennett in Maple Leafs zone.
19:26 of 3rd period - Maple Leafs, Kristers Gudlevskis is pulled from the net.
19:26 of 3rd period - Snap shot by Andre Burakovsky.
19:26 of 3rd period - Stopped by Cam Ward without a rebound.
19:27 of 3rd period - Sam Bennett wins face-off versus Bo Horvat in Kings zone.
19:40 of 3rd period - Snap shot by Chris Tierney.
19:40 of 3rd period - Shot Blocked by John Klingberg.
19:42 of 3rd period - Wrist shot by Matthew Tkachuk.
19:42 of 3rd period - Goal by Matthew Tkachuk - Kings : 4 - Maple Leafs : 2.
19:42 of 3rd period - Kristers Gudlevskis from Maple Leafs was sent back in the game.
19:43 of 3rd period - Jamie Arniel wins face-off versus Aleksander Barkov in neutral zone.
Goals for this period are 3 for Kings vs 0 for Maple Leafs.
Shots for this period are 13 for Kings vs 5 for Maple Leafs.